[Event "European Online Club-ch-E 2021"]
[Site "Online"]
[Date "2021.03.27"]
[Round "7.20"]
[White "Aydin, Gulenay"]
[Black "Zisiadis, Dimitrios"]
[Result "1-0"]
[ECO "B08"]
[WhiteElo "1975"]
[BlackElo "2042"]
[Annotator "NA"]
[PlyCount "33"]
[EventDate "2021.03.27"]
[EventType "team-tourn"]
[EventCountry "NET"]
[SourceTitle "playchess.com"]
[Source "ChessBase"]
[SourceQuality "1"]
[TimeControl "900+5"]

1. e4 g6 2. d4 Bg7 3. Nc3 a6 4. Nf3 d6 5. Be3 Nf6 6. Bd3 b5 7. Qd2 Bb7 8. Bh6 O-O 9. h4 b4 10. Nd5 Nbd7 11. h5 e5 12. Bxg7 Kxg7 13. hxg6 fxg6 14. Qh6+ Kg8 15. Ng5 Bxd5 16. Nxh7 Rf7 17. Ng5 1-0

[Event "European Online Club-ch-E 2021"]
[Site "Online"]
[Date "2021.03.27"]
[Round "8.1"]
[White "Coursaget, Nicolas"]
[Black "Ozturk Orenli, Kubra"]
[Result "0-1"]
[ECO "D59"]
[WhiteElo "2192"]
[BlackElo "2330"]
[Annotator "NA"]
[PlyCount "70"]
[EventDate "2021.03.27"]
[EventType "team-tourn"]
[EventCountry "NET"]
[SourceTitle "playchess.com"]
[Source "ChessBase"]
[SourceQuality "1"]
[TimeControl "900+5"]

1. d4 Nf6 2. Nf3 e6 3. c4 d5 4. Nc3 Be7 5. Bg5 Nbd7 6. e3 h6 7. Bh4 O-O 8. Rc1 c5 9. cxd5 Nxd5 10. Bxe7 Qxe7 11. Nxd5 exd5 12. Be2 b6 13. O-O Bb7 14. Qa4 Rfc8 15. Ba6 Nf6 16. Qa3 Ne4 17. Rfd1 Rd8 18. b3 Rac8 19. Bd3 a6 20. Qb2 Qf6 21. Qe2 b5 22. Bb1 c4 23. Bxe4 dxe4 24. Ne5 cxb3 25. axb3 Qe6 26. Qb2 Kh7 27. h3 Bd5 28. b4 h5 29. Qb1 g6 30. Rxc8 Rxc8 31. Rc1 f6 32. Rxc8 Qxc8 33. f4 fxe5 34. fxe5 Qc3 35. Kf2 Qd2+ 0-1

[Event "European Online Club-ch-E 2021"]
[Site "Online"]
[Date "2021.03.27"]
[Round "8.2"]
[White "Caglar, Sila"]
[Black "Lejeune, Gael"]
[Result "1-0"]
[ECO "B01"]
[WhiteElo "2250"]
[BlackElo "2070"]
[Annotator "NA"]
[PlyCount "79"]
[EventDate "2021.03.27"]
[EventType "team-tourn"]
[EventCountry "NET"]
[SourceTitle "playchess.com"]
[Source "ChessBase"]
[SourceQuality "1"]
[TimeControl "900+5"]

1. e4 d5 2. exd5 Qxd5 3. Nc3 Qd8 4. d4 Nf6 5. Nf3 Bg4 6. h3 Bh5 7. Be2 e6 8. O-O c6 9. Bg5 Be7 10. Re1 O-O 11. Qd2 Nbd7 12. Rad1 Re8 13. Ne5 Nxe5 14. dxe5 Qxd2 15. Rxd2 Bxe2 16. Rdxe2 Nd5 17. Bxe7 Rxe7 18. Ne4 b5 19. Nd6 a5 20. g3 g5 21. Rc1 b4 22. c4 bxc3 23. bxc3 Rb8 24. Kg2 h6 25. c4 Nb4 26. Rc3 c5 27. f4 gxf4 28. gxf4 Nc6 29. Ne4 Nd4 30. Rd2 Rc7 31. Ra3 Rb4 32. Rxa5 f5 33. exf6 Rxc4 34. Ra8+ Kh7 35. Nd6 Kg6 36. Nxc4 Kxf6 37. a4 Kf5 38. Rg8 Kxf4 39. Rg4+ Kf5 40. Rf2+ 1-0

[Event "European Online Club-ch-E 2021"]
[Site "Online"]
[Date "2021.03.27"]
[Round "8.3"]
[White "Thereze, Ludovic"]
[Black "Kocyigit, Buse Naz"]
[Result "0-1"]
[ECO "D91"]
[WhiteElo "2007"]
[BlackElo "2143"]
[Annotator "NA"]
[PlyCount "114"]
[EventDate "2021.03.27"]
[EventType "team-tourn"]
[EventCountry "NET"]
[SourceTitle "playchess.com"]
[Source "ChessBase"]
[SourceQuality "1"]
[TimeControl "900+5"]

1. d4 Nf6 2. c4 g6 3. Nc3 Bg7 4. Nf3 O-O 5. Bg5 d5 6. cxd5 Nxd5 7. e4 Nxc3 8. bxc3 c5 9. Be2 Nc6 10. O-O cxd4 11. cxd4 Nxd4 12. Nxd4 Bxd4 13. Rb1 Qd6 14. Kh1 Rd8 15. f4 b6 16. e5 Qc7 17. Qb3 Be6 18. Qa4 Rac8 19. Rfd1 Bc5 20. Bf3 Kg7 21. h3 Rxd1+ 22. Rxd1 Rd8 23. Rxd8 Qxd8 24. Kh2 Qd4 25. Qxd4 Bxd4 26. Bxe7 Bxa2 27. g4 b5 28. Bc6 Bc4 29. Bd6 a5 30. f5 gxf5 31. gxf5 b4 32. f6+ Kg8 33. Be4 b3 34. Kg3 b2 35. Bb1 a4 36. Kf4 Bf2 37. Ke4 Be6 38. Ba3 Bxh3 39. Bxb2 Be6 40. Ba3 h5 41. Bd3 h4 42. Kf4 h3 43. Be4 Bd4 44. Bd6 Bb2 45. Kg3 a3 46. Bb1 a2 47. Bxa2 Bxa2 48. Kxh3 Kh7 49. Kg4 Kg6 50. Kf4 Bb1 51. Bc5 Bc1+ 52. Kg4 Bc2 53. Bd6 Bd1+ 54. Kg3 Kf5 55. Kf2 Bb3 56. Kf3 Bb2 57. Ke3 Bxe5 0-1

[Event "European Online Club-ch-E 2021"]
[Site "Online"]
[Date "2021.03.27"]
[Round "8.4"]
[White "Anacoglu, Cisel"]
[Black "Marchadour, Emilie"]
[Result "1-0"]
[ECO "B47"]
[WhiteElo "1924"]
[BlackElo "2006"]
[Annotator "NA"]
[PlyCount "33"]
[EventDate "2021.03.27"]
[EventType "team-tourn"]
[EventCountry "NET"]
[SourceTitle "playchess.com"]
[Source "ChessBase"]
[SourceQuality "1"]
[TimeControl "900+5"]

1. e4 c5 2. Nf3 e6 3. d4 cxd4 4. Nxd4 Nc6 5. Nc3 Qc7 6. g3 a6 7. Bg2 Nf6 8. O-O Nxd4 9. Qxd4 Bc5 10. Bf4 d6 11. Qd2 O-O 12. Rad1 e5 13. Bg5 Be6 14. Bxf6 gxf6 15. Qh6 Qe7 16. Bh3 Bxh3 17. Nd5 1-0

[Event "European Online Club-ch-E 2021"]
[Site "Online"]
[Date "2021.03.27"]
[Round "8.5"]
[White "Guseinov, Gadir"]
[Black "Pavlidis, Antonios"]
[Result "1/2-1/2"]
[ECO "C69"]
[WhiteElo "2665"]
[BlackElo "2536"]
[Annotator "ChessBase"]
[PlyCount "80"]
[EventDate "2021.03.27"]
[EventType "team-tourn"]
[EventCountry "NET"]
[SourceTitle "playchess.com"]
[Source "ChessBase"]
[SourceQuality "1"]
[TimeControl "900+5"]

1. e4 e5 2. Nf3 Nc6 3. Bb5 a6 4. Bxc6 dxc6 5. O-O f6 6. d4 exd4 7. Nxd4 c5 8. Nb3 Qxd1 9. Rxd1 Be6 10. Bf4 c4 11. Na5 b6 12. Nc6 Bd7 13. Nd4 O-O-O 14. Nc3 Ne7 15. a3 h5 16. Rd2 Ng6 17. Be3 Bd6 18. Rad1 Kb7 19. f3 Rde8 20. Nde2 Bc6 21. Nd4 Bd7 22. Nd5 Ne7 23. Nxe7 Rxe7 24. Ne2 f5 25. Rxd6 cxd6 26. Rxd6 fxe4 27. Rxb6+ Kc7 28. Nf4 Bc6 29. Ng6 Ree8 30. Nxh8 exf3 31. Bf2 Rxh8 32. gxf3 Rb8 33. Rxb8 Kxb8 34. Kg2 g6 35. Kg3 Ba4 36. c3 Kb7 37. Kf4 Kc6 38. Ke5 Bc2 39. Kd4 Kb5 40. h4 a5 1/2-1/2

[Event "European Online Club-ch-E 2021"]
[Site "Online"]
[Date "2021.03.27"]
[Round "8.6"]
[White "Kanakaris, Georgios"]
[Black "Abasov, Nijat"]
[Result "0-1"]
[ECO "B20"]
[WhiteElo "2400"]
[BlackElo "2664"]
[Annotator "ChessBase"]
[PlyCount "76"]
[EventDate "2021.03.27"]
[EventType "team-tourn"]
[EventCountry "NET"]
[SourceTitle "playchess.com"]
[Source "ChessBase"]
[SourceQuality "1"]
[TimeControl "900+5"]

1. e4 c5 2. b4 b6 3. bxc5 bxc5 4. Nc3 Nc6 5. Nf3 g6 6. Bc4 Bg7 7. Rb1 Nh6 8. O-O O-O 9. Bd5 Ba6 10. Bxc6 dxc6 11. Re1 Ng4 12. h3 Ne5 13. Nxe5 Bxe5 14. Bb2 Qa5 15. Ba1 Rfd8 16. Qc1 Bd4 17. e5 Bc4 18. Ne4 Rab8 19. Rxb8 Rxb8 20. Bxd4 cxd4 21. d3 Bxa2 22. Qa1 Qxe1+ 23. Qxe1 Rb1 24. Kf1 Rxe1+ 25. Kxe1 Bd5 26. Nc5 Bxg2 27. Nb3 Bxh3 28. Nxd4 Bd7 29. Nb3 h5 30. f4 f6 31. exf6 exf6 32. Nc5 Bf5 33. Na6 Kf7 34. Nb8 c5 35. Na6 c4 36. dxc4 Bxc2 37. c5 Be4 38. Nc7 Bc6 0-1

[Event "European Online Club-ch-E 2021"]
[Site "Online"]
[Date "2021.03.27"]
[Round "8.7"]
[White "Durarbayli, Vasif"]
[Black "Koutlas, Nikolaos"]
[Result "1/2-1/2"]
[ECO "B32"]
[WhiteElo "2606"]
[BlackElo "2078"]
[Annotator "ChessBase"]
[PlyCount "80"]
[EventDate "2021.03.27"]
[EventType "team-tourn"]
[EventCountry "NET"]
[SourceTitle "playchess.com"]
[Source "ChessBase"]
[SourceQuality "1"]
[TimeControl "900+5"]

1. e4 c5 2. Nf3 Nc6 3. d4 cxd4 4. Nxd4 e5 5. Nb5 d6 6. N1c3 a6 7. Na3 Be6 8. Nc4 b5 9. Ne3 Nf6 10. Bd3 g6 11. a4 b4 12. Ncd5 Bg7 13. Nxf6+ Bxf6 14. Bc4 O-O 15. Qd3 Nd4 16. O-O Bxc4 17. Nxc4 Rc8 18. b3 d5 19. exd5 e4 20. Qxe4 Re8 21. Qd3 Ne2+ 22. Kh1 Bxa1 23. Be3 Bd4 24. Qxe2 Bxe3 25. fxe3 Qxd5 26. Nb6 Qe4 27. Nxc8 Rxc8 28. Rf2 Rc3 29. Qf3 Qe6 30. h3 Rxe3 31. Qf4 a5 32. Kh2 Qe5 33. Qxe5 Rxe5 34. Rd2 Rc5 35. Kg3 Kg7 36. h4 Kf6 37. Kf4 h6 38. g4 g5+ 39. hxg5+ hxg5+ 40. Ke4 Ke6 1/2-1/2

[Event "European Online Club-ch-E 2021"]
[Site "Online"]
[Date "2021.03.27"]
[Round "8.8"]
[White "Apostolakakis, Konstantinos"]
[Black "Safarli, Eltaj"]
[Result "0-1"]
[ECO "A48"]
[WhiteElo "2074"]
[BlackElo "2598"]
[Annotator "ChessBase"]
[PlyCount "66"]
[EventDate "2021.03.27"]
[EventType "team-tourn"]
[EventCountry "NET"]
[SourceTitle "playchess.com"]
[Source "ChessBase"]
[SourceQuality "1"]
[TimeControl "900+5"]

1. d4 Nf6 2. Nf3 g6 3. Bg5 Bg7 4. c3 O-O 5. Nbd2 d6 6. e4 c5 7. dxc5 dxc5 8. Be2 Nc6 9. O-O h6 10. Bh4 Nh5 11. Re1 Qc7 12. Qc2 Bg4 13. a4 b6 14. Nc4 Nf4 15. Ne3 Nxe2+ 16. Qxe2 Bxf3 17. Qxf3 e6 18. Rad1 Ne5 19. Qe2 Qc6 20. Qc2 c4 21. Re2 Nd3 22. Bg3 Rad8 23. Red2 f5 24. exf5 exf5 25. Nxc4 Qxc4 26. Rxd3 Rxd3 27. Rxd3 f4 28. Bh4 g5 29. Bxg5 hxg5 30. Rh3 Rd8 31. Qh7+ Kf8 32. Qf5+ Qf7 33. Qg4 Qe6 0-1

[Event "European Online Club-ch-E 2021"]
[Site "Online"]
[Date "2021.03.27"]
[Round "8.9"]
[White "Oparin, Grigoriy"]
[Black "Dedebas, Emre Emin"]
[Result "1/2-1/2"]
[ECO "D21"]
[WhiteElo "2652"]
[BlackElo "2335"]
[Annotator "ChessBase"]
[PlyCount "60"]
[EventDate "2021.03.27"]
[EventType "team-tourn"]
[EventCountry "NET"]
[SourceTitle "playchess.com"]
[Source "ChessBase"]
[SourceQuality "1"]
[TimeControl "900+5"]

1. d4 d5 2. c4 dxc4 3. Nf3 c5 4. e3 cxd4 5. exd4 Be6 6. Nc3 Nf6 7. Bg5 Nd5 8. Be2 Nc6 9. O-O h6 10. Bd2 Nxc3 11. bxc3 Bd5 12. Bf4 e6 13. Nd2 b5 14. a4 a6 15. Qb1 b4 16. Nxc4 bxc3 17. Qd3 Bb4 18. Ne3 O-O 19. a5 Bxa5 20. Nxd5 exd5 21. Ra4 Qf6 22. Be5 Qg6 23. Qf3 Rfd8 24. Bd3 Qe6 25. Bc2 Bb6 26. Rb1 Nxe5 27. dxe5 Bc5 28. Qxc3 Rac8 29. Qd3 g6 30. Rxa6 Qxe5 1/2-1/2

[Event "European Online Club-ch-E 2021"]
[Site "Online"]
[Date "2021.03.27"]
[Round "8.10"]
[White "Angun, Batu"]
[Black "Moussard, Jules"]
[Result "0-1"]
[ECO "D85"]
[WhiteElo "2326"]
[BlackElo "2635"]
[Annotator "ChessBase"]
[PlyCount "92"]
[EventDate "2021.03.27"]
[EventType "team-tourn"]
[EventCountry "NET"]
[SourceTitle "playchess.com"]
[Source "ChessBase"]
[SourceQuality "1"]
[TimeControl "900+5"]

1. d4 Nf6 2. c4 g6 3. Nc3 d5 4. cxd5 Nxd5 5. e4 Nxc3 6. bxc3 Bg7 7. Nf3 c5 8. Be3 Qa5 9. Nd2 cxd4 10. Nc4 Qd8 11. cxd4 O-O 12. Be2 b5 13. Ne5 Bb7 14. O-O Bxe4 15. Bxb5 a6 16. Be2 Nc6 17. Nxc6 Bxc6 18. Bf3 Bd5 19. Rc1 Rb8 20. Bxd5 Qxd5 21. Qa4 Qb5 22. Qc4 Rfd8 23. h3 Bf6 24. Rc2 Kg7 25. Rfc1 Qb7 26. Qa4 Rd6 27. Rc7 Qb5 28. Qc4 h5 29. Rc6 Qa5 30. Rxd6 exd6 31. Qc6 Qa3 32. Qd5 Rb5 33. Qc6 g5 34. Qf3 Qxa2 35. Qxh5 Qe6 36. Qg4 a5 37. Qxe6 fxe6 38. Rc6 Rd5 39. Ra6 Kg6 40. g3 Kf5 41. Kg2 Ke4 42. Ra8 Bxd4 43. Bd2 Bb6 44. Bc1 Rf5 45. f4 gxf4 46. gxf4 Rc5 0-1

[Event "European Online Club-ch-E 2021"]
[Site "Online"]
[Date "2021.03.27"]
[Round "8.11"]
[White "Gozzoli, Yannick"]
[Black "Ozenir, Ekin Baris"]
[Result "1/2-1/2"]
[ECO "E17"]
[WhiteElo "2600"]
[BlackElo "2309"]
[Annotator "ChessBase"]
[PlyCount "60"]
[EventDate "2021.03.27"]
[EventType "team-tourn"]
[EventCountry "NET"]
[SourceTitle "playchess.com"]
[Source "ChessBase"]
[SourceQuality "1"]
[TimeControl "900+5"]

1. d4 Nf6 2. c4 e6 3. Nf3 b6 4. g3 Bb7 5. Bg2 Be7 6. O-O O-O 7. Re1 Na6 8. Bf4 d5 9. cxd5 Nxd5 10. Nc3 Nxf4 11. gxf4 c5 12. dxc5 Nxc5 13. Ne5 Qc8 14. Rc1 Bxg2 15. Kxg2 Rd8 16. Qc2 Qb7+ 17. Kg1 Rac8 18. Red1 g6 19. Rxd8+ Rxd8 20. Rd1 Rxd1+ 21. Qxd1 Ne4 22. Qa4 Nxc3 23. Qe8+ Bf8 24. bxc3 Kg7 25. Qc6 Qxc6 26. Nxc6 a5 27. c4 Bd6 28. e3 Kf6 29. Kg2 e5 30. fxe5+ Bxe5 1/2-1/2

[Event "European Online Club-ch-E 2021"]
[Site "Online"]
[Date "2021.03.27"]
[Round "8.12"]
[White "Tarlabasi, Emirhan"]
[Black "Cornette, Matthieu"]
[Result "0-1"]
[ECO "A54"]
[WhiteElo "2301"]
[BlackElo "2555"]
[Annotator "ChessBase"]
[PlyCount "70"]
[EventDate "2021.03.27"]
[EventType "team-tourn"]
[EventCountry "NET"]
[SourceTitle "playchess.com"]
[Source "ChessBase"]
[SourceQuality "1"]
[TimeControl "900+5"]

1. d4 d6 2. Nf3 Nf6 3. c4 Nbd7 4. e3 e5 5. Be2 c6 6. Nc3 Be7 7. O-O O-O 8. Qc2 Re8 9. b3 Qc7 10. Bb2 b6 11. Rfd1 Nf8 12. a4 Ng6 13. a5 bxa5 14. d5 Bb7 15. Qd2 Reb8 16. Ra3 cxd5 17. cxd5 Bd8 18. Bc4 Bc8 19. Ne1 Qe7 20. Ra2 Nd7 21. Ba3 Bb6 22. Ne4 Bc7 23. Rc1 f5 24. Ng3 Nh4 25. Bd3 Nf6 26. Rac2 Bb6 27. Rc6 Ne8 28. Qc2 e4 29. Rxc8 Rxc8 30. Qxc8 Rxc8 31. Rxc8 exd3 32. Nxd3 Kf7 33. Kf1 Qb7 34. Rc6 Qa6 35. Rc4 Qb5 0-1

[Event "European Online Club-ch-E 2021"]
[Site "Online"]
[Date "2021.03.27"]
[Round "8.13"]
[White "Mikhalevski, Victor"]
[Black "Sirosh, Ilja"]
[Result "1-0"]
[ECO "A09"]
[WhiteElo "2552"]
[BlackElo "2400"]
[Annotator "ChessBase"]
[PlyCount "99"]
[EventDate "2021.03.27"]
[EventType "team-tourn"]
[EventCountry "NET"]
[SourceTitle "playchess.com"]
[Source "ChessBase"]
[SourceQuality "1"]
[TimeControl "900+5"]

1. c4 e6 2. Nf3 d5 3. g3 c5 4. Bg2 Nc6 5. O-O d4 6. e3 Nf6 7. d3 e5 8. exd4 exd4 9. Re1+ Be7 10. Bf4 O-O 11. Ne5 Nxe5 12. Bxe5 Nd7 13. Bc7 Qxc7 14. Rxe7 Qb6 15. Nd2 Nf6 16. Ne4 Nxe4 17. Bxe4 Qxb2 18. a4 Bg4 19. Qe1 Rae8 20. Rxb7 Qxb7 21. Bxb7 Rxe1+ 22. Rxe1 Bf5 23. Be4 Bd7 24. Rb1 Bxa4 25. Ra1 Bd7 26. Kg2 g5 27. Rxa7 Be6 28. f4 gxf4 29. gxf4 f5 30. Bc6 Rc8 31. Bb5 h6 32. Kg3 Bf7 33. Bd7 Rb8 34. Bxf5 Rb3 35. Kh4 Rb2 36. h3 Rf2 37. Kg3 Rf1 38. Rc7 Rg1+ 39. Kf2 Rh1 40. Rxc5 Kg7 41. Rc6 Rc1 42. Rd6 Rc2+ 43. Kg3 Rd2 44. Rxd4 Kf6 45. Be4 h5 46. c5 Rc2 47. c6 Be6 48. Rd8 h4+ 49. Kxh4 Rh2 50. f5 1-0

[Event "European Online Club-ch-E 2021"]
[Site "Online"]
[Date "2021.03.27"]
[Round "8.14"]
[White "Chukavin, Kirill"]
[Black "Roiz, Michael"]
[Result "1/2-1/2"]
[ECO "C07"]
[WhiteElo "2384"]
[BlackElo "2579"]
[Annotator "ChessBase"]
[PlyCount "104"]
[EventDate "2021.03.27"]
[EventType "team-tourn"]
[EventCountry "NET"]
[SourceTitle "playchess.com"]
[Source "ChessBase"]
[SourceQuality "1"]
[TimeControl "900+5"]

1. e4 e6 2. d4 d5 3. Nd2 a6 4. Ngf3 c5 5. dxc5 Bxc5 6. Bd3 Nc6 7. O-O Nf6 8. Qe2 Qc7 9. exd5 Nxd5 10. Ne4 Be7 11. Bc4 O-O 12. Bg5 Bxg5 13. Nexg5 h6 14. Ne4 Nce7 15. Bb3 b6 16. Bxd5 Nxd5 17. c4 Nf4 18. Qe3 Bb7 19. Rac1 Rac8 20. Rfd1 Rfd8 21. b3 e5 22. Nc3 f6 23. Ne2 Ne6 24. Nh4 Rxd1+ 25. Rxd1 Rd8 26. Rd2 Bc8 27. Rd3 Nc5 28. Rxd8+ Qxd8 29. Nc3 a5 30. h3 Be6 31. Nf3 Kf7 32. Qd2 Qxd2 33. Nxd2 f5 34. f3 Ke7 35. Kf2 g5 36. g4 Kd6 37. Ke3 Kc6 38. a3 Nd7 39. b4 axb4 40. axb4 Nf6 41. Kd3 h5 42. Ke3 hxg4 43. hxg4 fxg4 44. fxg4 Nxg4+ 45. Ke4 Kd6 46. Nb5+ Ke7 47. c5 bxc5 48. bxc5 Bd7 49. Na7 Ke6 50. c6 Nf6+ 51. Kd3 e4+ 52. Kd4 e3 1/2-1/2

[Event "European Online Club-ch-E 2021"]
[Site "Online"]
[Date "2021.03.27"]
[Round "8.15"]
[White "Postny, Evgeny"]
[Black "Kukk, Sander"]
[Result "1-0"]
[ECO "E91"]
[WhiteElo "2605"]
[BlackElo "2230"]
[Annotator "ChessBase"]
[PlyCount "72"]
[EventDate "2021.03.27"]
[EventType "team-tourn"]
[EventCountry "NET"]
[SourceTitle "playchess.com"]
[Source "ChessBase"]
[SourceQuality "1"]
[TimeControl "900+5"]

1. d4 g6 2. c4 Bg7 3. Nf3 Nf6 4. Nc3 O-O 5. e4 d6 6. Be2 c5 7. O-O Bg4 8. d5 Nbd7 9. Ng5 Bxe2 10. Qxe2 h6 11. Nf3 Ne8 12. Bf4 Ne5 13. Nxe5 dxe5 14. Be3 b6 15. a3 Nd6 16. b4 Rc8 17. bxc5 bxc5 18. Rfb1 Qa5 19. Bd2 Qa6 20. Nb5 Qa4 21. Nxd6 exd6 22. Qd3 Rb8 23. h3 Kh7 24. Kh2 h5 25. Bg5 f6 26. Be3 Bh6 27. Bxh6 Kxh6 28. h4 Kg7 29. Qh3 Qxc4 30. Rxb8 Rxb8 31. Qd7+ Kh6 32. Qxd6 Re8 33. Re1 Qd4 34. Qxf6 c4 35. Re3 Rc8 36. d6 Rc6 1-0

[Event "European Online Club-ch-E 2021"]
[Site "Online"]
[Date "2021.03.27"]
[Round "8.16"]
[White "Valner, Uku"]
[Black "Steinberg, Nitzan"]
[Result "0-1"]
[ECO "B25"]
[WhiteElo "2296"]
[BlackElo "2553"]
[Annotator "ChessBase"]
[PlyCount "104"]
[EventDate "2021.03.27"]
[EventType "team-tourn"]
[EventCountry "NET"]
[SourceTitle "playchess.com"]
[Source "ChessBase"]
[SourceQuality "1"]
[TimeControl "900+5"]

1. e4 c5 2. Nc3 d6 3. g3 g6 4. Bg2 Bg7 5. d3 Nc6 6. Be3 e6 7. f4 Nge7 8. Nf3 Nd4 9. O-O O-O 10. e5 Nef5 11. Bf2 Nxf3+ 12. Qxf3 Nd4 13. Qd1 dxe5 14. fxe5 Bxe5 15. Na4 Rb8 16. c3 Nf5 17. Re1 Bg7 18. Nxc5 b6 19. Ne4 e5 20. Qa4 Qc7 21. Rad1 Bd7 22. Qc4 Rbc8 23. Qxc7 Rxc7 24. g4 Ne7 25. g5 Nd5 26. Bg3 Nf4 27. Nf6+ Bxf6 28. gxf6 Bg4 29. Rd2 Rd7 30. Rxe5 Nxd3 31. Re7 Nc5 32. Rdxd7 Nxd7 33. h3 Be6 34. Bc6 Nxf6 35. Rxa7 Bxh3 36. Rb7 Be6 37. a4 Rd8 38. Rxb6 Rd1+ 39. Kf2 Ra1 40. Rb8+ Kg7 41. Be5 g5 42. b4 Kg6 43. a5 Ng4+ 44. Kg3 Nxe5 45. Be4+ f5 46. Rb6 fxe4 47. Rxe6+ Kf5 48. Re7 Ra3 49. b5 Rxa5 50. b6 Rb5 51. b7 Rb3 52. Rc7 h5 0-1

[Event "European Online Club-ch-E 2021"]
[Site "Online"]
[Date "2021.03.27"]
[Round "8.17"]
[White "Chatalbashev, Boris"]
[Black "Westerberg, Jonathan"]
[Result "1-0"]
[ECO "E13"]
[WhiteElo "2530"]
[BlackElo "2534"]
[Annotator "ChessBase"]
[PlyCount "75"]
[EventDate "2021.03.27"]
[EventType "team-tourn"]
[EventCountry "NET"]
[SourceTitle "playchess.com"]
[Source "ChessBase"]
[SourceQuality "1"]
[TimeControl "900+5"]

1. d4 Nf6 2. c4 e6 3. Nc3 Bb4 4. Nf3 O-O 5. Bg5 h6 6. Bh4 b6 7. e3 Bb7 8. Bd3 d6 9. O-O Bxc3 10. bxc3 Nbd7 11. Nd2 e5 12. f4 exf4 13. exf4 Re8 14. Qc2 Qe7 15. Rae1 Qf8 16. Bf5 Rxe1 17. Rxe1 Re8 18. Qd1 a5 19. Re2 g6 20. Bh3 Kg7 21. Qe1 Rxe2 22. Qxe2 Bc6 23. d5 Ba4 24. Qe3 Nc5 25. Qd4 Qe7 26. g4 g5 27. fxg5 hxg5 28. Bxg5 Qe1+ 29. Nf1 Qe5 30. Be3 Nfe4 31. Ng3 Nxg3 32. hxg3 f6 33. Qf4 Ne4 34. Qh6+ Kf7 35. Qh7+ Ke8 36. Qg8+ Ke7 37. Qg7+ Ke8 38. Bf4 1-0

[Event "European Online Club-ch-E 2021"]
[Site "Online"]
[Date "2021.03.27"]
[Round "8.18"]
[White "Arman, Deniz"]
[Black "Moreno Trujillo, Alejandro"]
[Result "1-0"]
[ECO "C13"]
[WhiteElo "2336"]
[BlackElo "2483"]
[Annotator "ChessBase"]
[PlyCount "51"]
[EventDate "2021.03.27"]
[EventType "team-tourn"]
[EventCountry "NET"]
[SourceTitle "playchess.com"]
[Source "ChessBase"]
[SourceQuality "1"]
[TimeControl "900+5"]

1. e4 e6 2. d4 d5 3. Nc3 Nf6 4. Bg5 dxe4 5. Nxe4 Be7 6. Bxf6 gxf6 7. Nf3 b6 8. Bb5+ c6 9. Bd3 Bb7 10. Qe2 Qc7 11. O-O-O a6 12. Kb1 Nd7 13. Rhe1 b5 14. c4 Nb6 15. Rc1 b4 16. d5 exd5 17. Nxf6+ Kf8 18. Nxh7+ Rxh7 19. Bxh7 Nxc4 20. Bd3 Nb6 21. Ne5 Bf6 22. Qh5 Re8 23. f4 c5 24. Qh6+ Bg7 25. Qxb6 Bxe5 26. Qh6+ 1-0

[Event "European Online Club-ch-E 2021"]
[Site "Online"]
[Date "2021.03.27"]
[Round "8.19"]
[White "Garrido Dominguez, Jesus"]
[Black "Cederstam Barsk, Carl"]
[Result "1-0"]
[ECO "B13"]
[WhiteElo "2413"]
[BlackElo "2366"]
[Annotator "NA"]
[PlyCount "103"]
[EventDate "2021.03.27"]
[EventType "team-tourn"]
[EventCountry "NET"]
[SourceTitle "playchess.com"]
[Source "ChessBase"]
[SourceQuality "1"]
[TimeControl "900+5"]

1. e4 c6 2. d4 d5 3. exd5 cxd5 4. Bd3 Nc6 5. c3 Qc7 6. h3 g6 7. Nf3 Nf6 8. Na3 a6 9. Nc2 Bf5 10. Bg5 Bxd3 11. Qxd3 Ne4 12. Be3 Bg7 13. O-O O-O 14. Rae1 e6 15. Nd2 Nd6 16. Bf4 Qd7 17. Ne3 Rad8 18. Nb3 a5 19. Nc5 Qc8 20. Bxd6 Rxd6 21. Qb5 Bxd4 22. Nxb7 Rd7 23. Nxa5 Bxe3 24. Nxc6 Rb7 25. Rxe3 Rxb5 26. Ne7+ Kg7 27. Nxc8 Rxc8 28. Re2 Ra8 29. Ra1 Rba5 30. a3 Rb5 31. Kf1 Rb3 32. Ke1 Rab8 33. Ra2 e5 34. Kd1 d4 35. cxd4 exd4 36. a4 Ra8 37. Re5 Kf6 38. Rd5 Rb4 39. a5 Ke6 40. Rc5 Kd6 41. Rc1 Rb5 42. a6 Rb6 43. a7 Rb7 44. Rca1 Kd5 45. Kd2 Kc4 46. Ra4+ Kb3 47. R1a2 Rd7 48. Kd3 f5 49. Ra6 g5 50. R2a5 Rb7 51. Rxf5 Kxb2 52. Rxg5 1-0

[Event "European Online Club-ch-E 2021"]
[Site "Online"]
[Date "2021.03.27"]
[Round "9.5"]
[White "Sirosh, Ilja"]
[Black "Chatalbashev, Boris"]
[Result "1/2-1/2"]
[ECO "E90"]
[WhiteElo "2400"]
[BlackElo "2530"]
[Annotator "ChessBase"]
[PlyCount "133"]
[EventDate "2021.03.27"]
[EventType "team-tourn"]
[EventCountry "NET"]
[SourceTitle "playchess.com"]
[Source "ChessBase"]
[SourceQuality "1"]
[TimeControl "900+5"]

1. d4 Nf6 2. c4 c5 3. d5 g6 4. Nc3 Bg7 5. e4 d6 6. Bd3 O-O 7. h3 e6 8. Nf3 Na6 9. O-O Nc7 10. Rb1 exd5 11. exd5 b5 12. Nxb5 Nxb5 13. cxb5 Bb7 14. Bc4 a6 15. bxa6 Bxa6 16. Qc2 Bxc4 17. Qxc4 Qa5 18. a3 Rfe8 19. Bd2 Qa6 20. Qxa6 Rxa6 21. Bc3 Nxd5 22. Bxg7 Kxg7 23. Rfd1 Nf4 24. Rd2 c4 25. Kf1 Nd3 26. Ne1 Nc5 27. Rc2 Nb3 28. Rd1 Rc8 29. Nf3 Rb6 30. Nd2 Nxd2+ 31. Rcxd2 Rcc6 32. Rc1 Rb3 33. Rcd1 Rbb6 34. Rc1 Kf6 35. Rd4 Rxb2 36. Rcxc4 Rxc4 37. Rxc4 Ra2 38. Ra4 Ke6 39. Ra5 h5 40. h4 d5 41. g3 d4 42. Kg2 Re2 43. Kf3 Re1 44. Ra8 Kd5 45. Rd8+ Kc4 46. Rc8+ Kb3 47. Rd8 Kc3 48. Rc8+ Kd2 49. Rc7 d3 50. Rxf7 Kd1 51. Rf6 d2 52. Rxg6 Re8 53. Rd6 Ke1 54. g4 hxg4+ 55. Kxg4 d1=Q+ 56. Rxd1+ Kxd1 57. h5 Ke2 58. h6 Kxf2 59. Kg5 Kf3 60. h7 Ke4 61. Kg6 Kd5 62. Kf7 Ra8 63. Kg7 Ra7+ 64. Kg6 Ra8 65. Kg7 Ra7+ 66. Kg6 Ra8 67. Kg7 1/2-1/2

[Event "European Online Club-ch-E 2021"]
[Site "Online"]
[Date "2021.03.27"]
[Round "9.6"]
[White "Moreno Trujillo, Alejandro"]
[Black "Chukavin, Kirill"]
[Result "1-0"]
[ECO "E04"]
[WhiteElo "2483"]
[BlackElo "2384"]
[Annotator "ChessBase"]
[PlyCount "47"]
[EventDate "2021.03.27"]
[EventType "team-tourn"]
[EventCountry "NET"]
[SourceTitle "playchess.com"]
[Source "ChessBase"]
[SourceQuality "1"]
[TimeControl "900+5"]

1. d4 Nf6 2. c4 e6 3. g3 d5 4. Bg2 dxc4 5. Nf3 Bd7 6. Ne5 Bc6 7. Nxc6 Nxc6 8. e3 Qd7 9. O-O O-O-O 10. Nd2 e5 11. Nxc4 exd4 12. Qb3 Nd5 13. Bd2 Bc5 14. Rac1 Bb6 15. e4 Nf6 16. a4 Bc5 17. Na5 Nxa5 18. Bxa5 b6 19. Bd2 Rhe8 20. Qd3 a5 21. Bxa5 Qxa4 22. Bd2 Kb8 23. b4 Bf8 24. Qc4 1-0